 Dungeon Crawl Stone Soup version 0.28.0-53-g5a82cb258f (webtiles) character file.

Game seed: 1113682020422171925

48 Descartes the Ducker (level 3, -1/23 HPs)
             Began as an Octopode Wanderer on June 22, 2022.
             Slain by Natasha (4 damage)
             ... on level 2 of the Dungeon.
             The game lasted 00:03:24 (1314 turns).

Descartes the Ducker (Octopode Wanderer)            Turns: 1314, Time: 00:03:25

Health: -1/23      AC:  1    Str: 12    XL:     3   Next: 72%
Magic:  3/3        EV: 13    Int: 13    God:
Gold:   71         SH:  0    Dex: 13    Spells: 2/2 levels left

rFire   . . .      SeeInvis .   b - +0 dagger
rCold   . . .      Faith    .   (no shield)
rNeg    . . .      Spirit   .   e - +0 hat
rPois   .          Reflect  .   (no amulet)
rElec   .          Harm     .   (no ring)
rCorr   .          Rampage  .   (no ring)
Will    .....                   (no ring)
Stlth   +++.......              (no ring)
HPRegen 0.07/turn               (no ring)
MPRegen 0.08/turn               (no ring)
                                (no ring)
                                (no ring)

@: no status effects
A: almost no armour, amphibious, 8 rings, camouflage 1, gelatinous body 1,
(nimble swimmer 1), tentacles
a: no special abilities


You were on level 2 of the Dungeon.
You visited 1 branch of the dungeon, and saw 2 of its levels.

You collected 71 gold pieces.

Inventory:

Hand Weapons
 a - a +2 hand crossbow
 b - a +0 dagger (weapon)
 c - a +0 shortbow
Missiles
 d - 25 arrows
 h - 31 stones (quivered)
 i - 35 bolts
 n - 5 poisoned darts
Armour
 e - a +0 hat (worn)
Scrolls
 g - 2 scrolls of teleportation {unknown}
 j - a scroll of vulnerability {unknown}
 l - a scroll of identify {unknown}
Potions
 f - 3 potions of flight {unknown}
 k - a potion of attraction {unknown}
 m - a potion of might {unknown}
 o - a potion of magic {unknown}


   Skills:
 - Level 1.0 Fighting
 + Level 0.0 Short Blades
 - Level 2.0 Bows
 + Level 2.0 Crossbows
 + Level 1.0 Throwing
 + Level 2.7 Dodging
 + Level 2.4 Stealth
 - Level 1.0 Invocations
 + Level 2.3 Evocations


You had 2 spell levels left.
You didn't know any spells.
Your spell library was empty.

Dungeon Overview and Level Annotations

Branches:
Dungeon (2/15)

Altars:
Xom
The Shining One

Shops:
D:1 =

Annotations:
D:2 Natasha


Innate Abilities, Weirdness & Mutations

You cannot wear most types of armour.
You are amphibious.
You can wear up to eight rings at the same time.
Your skin changes colour to match your surroundings (Stealth+).
Your rubbery body absorbs attacks. (AC +1, EV +1)
((You are camouflaged when in or above water. (Stealth+)))
You have tentacles for arms and can constrict up to eight enemies at once.


Message History

i - 38 bolts (gained 1)
You see here a ball python corpse.
i - 39 bolts (gained 1)
i - 40 bolts (gained 1)
Found a stone staircase leading up.
Found a stone staircase leading up.
Natasha and a kobold come into view.
Natasha mumbles some strange words.
You shoot a bolt. The bolt closely misses the white imp.
You shoot a bolt. The bolt barely misses the white imp.
The bolt hits the kobold.
You kill the kobold!
You shoot a bolt. The bolt hits the white imp!
You kill the white imp!
The white imp disappears in a puff of smoke!
You shoot a bolt. The bolt barely misses Natasha.
Natasha mumbles some strange words.
You shoot a bolt. The bolt barely misses Natasha.
Natasha claws you!
b - a +0 dagger (weapon)
Natasha closely misses you.
You hit Natasha. You grab Natasha.
Natasha is lightly wounded.
You constrict Natasha, but do no damage.
Natasha claws you.
You hit Natasha but do no damage. You squeeze Natasha.
Natasha is moderately wounded.
You constrict Natasha. Natasha closely misses you.
You hit Natasha.
Natasha is heavily wounded.
You constrict Natasha, but do no damage.
The shadow imp barely misses you.
Natasha stares at you and mumbles some strange words.
The magic dart hits you!
* * * LOW HITPOINT WARNING * * *
You hit Natasha.
Natasha is severely wounded.
You constrict Natasha. The shadow imp hits you.
* * * LOW HITPOINT WARNING * * *
Natasha claws you.
You die...

.....##########...###.......##
...)...>......'..............#
.._..##.#######...###........#
.....##.# #########........#
..†..##.# #........#######.#
#..####.#####........#######.####
....# #..............'...........
###.####.###.....5...########.###
###........#....@h..(# #.#
.....###.#.#.#####....... #.##
.........#.#.....+.(..... #..#
.....#####.#######h...... ##.##
.....'..........<#....... #.†#
.....#####.#######....... ##.#
.....# #.# ....... #.. ###### #.#
...((.. ##. #.##### #.


You could see Natasha and a shadow imp (summoned).

Vanquished Creatures
  An adder (D:2)
  An adder skeleton (D:2)
  A worm (D:2)
  4 bats (D:1)
  4 endoplasms
  4 giant cockroaches
  2 goblins (D:1)
  4 hobgoblins
  6 kobolds
  A ball python (D:2)
  2 rats (D:2)
30 creatures vanquished.

Notes
Turn   | Place    | Note
-------+----------+-------------------------------------------
     0 | D:1      | Descartes the Octopode Wanderer began the quest for the
                  | Orb.
     0 | D:1      | Descartes set off with the following items: a +2 hand
                  | crossbow, 30 bolts, a +0 shortbow, 25 arrows, a +0 hat
     0 | D:1      | Reached XP level 1. HP: 13/13 MP: 1/1
   118 | D:1      | Reached skill level 1 in Stealth
   159 | D:1      | Reached XP level 2. HP: 18/18 MP: 2/2
   249 | D:1      | Found a faded altar of an unknown god.
   380 | D:1      | Prayed at the altar of an unknown god.
   380 | D:1      | Became a worshipper of the Shining One
   380 | D:1      | Reached * piety under the Shining One
   381 | D:1      | Fell from the grace of the Shining One
   637 | D:1      | Found Ettit's Jewellery Emporium.
   840 | D:2      | Reached XP level 3. HP: 23/23 MP: 3/3
  1003 | D:2      | Identified the +5 hunting sling of the Secret Places
                  | {flame, rF- Will++ Int+2}
  1034 | D:2      | Found a shimmering altar of Xom.
  1303 | D:2      | Noticed Natasha
  1314 | D:2      | Slain by Natasha

Illustrated notes

Levels and vault maps discovered:
D:1:      dpeg_arrival_tiny_f, layout_basic, chequers_ecumenical_altar_simple,
          serial_shops, shop, feat_on_display
D:2:      layout_basic, basic_altar, uniq_natasha

Skill      XL: |  1  2 |
---------------+-------+-----
Stealth        | 1 2 |  2.4
Evocations     | 2 |  2.3
Fighting       | |  1.0
Bows           | |  2.0
Crossbows      | |  2.0
Throwing       | |  1.0
Dodging        | |  2.7
Invocations    | |  1.0

Action                   || total
-------------------------++-------
Melee: Unarmed           ||     6
       Tentacles         ||     3
       Constrict         ||     2
       Dagger            ||     4
 Fire: Hand crossbow     ||    70
Invok: Renounce Religion ||     1
Armor: Skin              ||     1
Dodge: Dodged            ||    24
